 Dungeon Sprint DCSS version 0.22.1-1-ga44c0e56f4 (webtiles) character file.

77 KleinerIrrer the Martial Artist (level 4, 0/31 HPs)
             Began as an Octopode Monk on Nov 2, 2018.
             Slain by a water elemental (17 damage)
             ... in the Dungeon (Sprint III: "The Ten Rune Challenge").
             The game lasted 00:00:59 (454 turns).

KleinerIrrer the Martial Artist (Octopode Monk)      Turns: 454, Time: 00:01:00

Health: 0/31       AC:  5    Str: 10    XL:     4   Next: 34%
Magic:  4/4        EV: 14    Int: 12    God:
Gold:   13         SH:  0    Dex: 15    Spells: 3/3 levels left

rFire    . . .     SeeInvis .     - Unarmed
rCold    . . .     Gourm    .   (no shield)
rNeg     . . .     Faith    .   (helmet restricted)
rPois    .         Spirit   .   (no amulet)
rElec    .         Reflect  .   (no ring)
rCorr    .         Harm     .   (no ring)
MR       .....     Clarity  +   (no ring) Stlth +++.......NoTele +
                                (no ring)
HPRegen  0.10/turn              (no ring)
MPRegen  0.09/turn              (no ring)
                                (no ring)
                                (no ring)

@: engulfed
A: almost no armour, stealthy swim, amphibious, 8 rings, constrict 8, iridescent
scales 1, molten scales 1, camouflage 1, clarity, high mp 1, screaming 1,
gelatinous body 1
a: no special abilities


You were in the Dungeon.
You were not hungry.

You visited 1 branch You collected 13 gold pieces.

Inventory:

Scrolls
 g - a scroll of blinking
 h - 2 scrolls of holy word {unknown}
 i - a scroll of random uselessness {unknown}
 j - 3 scrolls of identify
 k - 4 scrolls of remove curse
Potions
 b - a potion of curing
 c - a potion of heal wounds
 d - a potion of haste
 e - 2 potions of magic
 f - a potion of berserk rage
 l - 4 potions of flight
 m - 5 potions of mutation
Comestibles
 a - 3 rations


   Skills:
 - Level 3.0 Fighting
 - Level 3.0 Dodging
 - Level 2.6 Stealth
 + Level 8.7 Unarmed Combat


You had 3 spell levels left.
You didn't know any spells.
Your spell library was empty.

Dungeon Overview and Level Annotations

Branches:
Dungeon (1/1)

Altars:


Innate Abilities, Weirdness & Mutations

You cannot wear most types of armour.
You are very stealthy in the water. (Stealth+)
You are amphibious.
You can wear up to eight rings at the same time.
You can use your tentacles to constrict eight enemies at once.
Your skin changes colour to match your surroundings (Stealth+).
Your rubbery body absorbs attacks. (AC +1, EV +1)
You are partially covered in iridescent scales. (AC +2)
You are partially covered in molten scales. (AC +2)
You possess an exceptional clarity of mind.
You have an increased reservoir of magic. (+10% MP)
You occasionally shout uncontrollably at your foes.


Message History

The water elemental hits you!
The water elemental engulfs you in water!
You tentacle-slap the water elemental.
The water elemental is severely damaged.
The water elemental barely misses you.
You tentacle-slap the water elemental.
You tentacle-slap the water elemental, but do no damage.
Your squeeze misses the water elemental.
The water elemental is almost destroyed.
The water elemental closely misses you.
You barely miss the water elemental.
The water elemental is almost destroyed.
You tentacle-slap the water elemental but do no damage.
The water elemental is almost destroyed.
The water elemental hits you.
You tentacle-slap the water elemental but do no damage.
The water elemental is almost destroyed.
The water elemental hits you!
Ouch! That really hurt!
You die...

▓▓▓▓▓▓▓▓▓ ▓▓▓ .#..'...♣♣
♣.# .#..#....♣♣♣ ♣.#
'####....♣.♣ ♣♣.#
....#....≈♣♣♣♣..###+#+##
....#...≈≈..♣♣..#.......
...(#..≈)≈≈.....@E⌠.....
###'#..≈≈≈≈≈≈.♣.#...####
....#.≈≈≈≈≈≈....#.⌠.#
)...#.≈≈≈≈≈.....#...#
....#.≈≈≈.......#+###
#####...........#
................#
▓▓▓▓▓▓▓▓▓▓▓▓▓▓▓▓▓


You could see a water elemental.

Vanquished Creatures
  Crazy Yiuf (D)
  Jessica (D)
  A human (D)
  An ooze (D)
  2 rats (D)
6 creatures vanquished.

Vanquished Creatures (others)
  2 draconian scorchers (D)
  A yaktaur (D)
  6 hellions (D)
9 creatures vanquished.

Grand Total: 15 creatures vanquished

Notes
Turn   | Place    | Note
-------+----------+-------------------------------------------
     0 | D        | KleinerIrrer the Octopode Monk began the quest for the Orb.
     0 | D        | Reached XP level 1. HP: 16/16 MP: 1/1
     5 | D        | Reached skill level 4 in Unarmed Combat
    78 | D        | Noticed Jessica
    87 | D        | Killed Jessica
    87 | D        | Reached skill level 6 in Unarmed Combat
    87 | D        | Reached XP level 2. HP: 12/21 MP: 2/2
    87 | D        | Reached XP level 3. HP: 15/26 MP: 3/3
   162 | D        | Killed a white draconian scorcher
   163 | D        | Killed a yaktaur
   175 | D        | Killed a hellion
   175 | D        | Killed a hellion
   175 | D        | Killed a hellion
   175 | D        | Killed a hellion
   176 | D        | Killed a white draconian scorcher
   178 | D        | Killed a hellion
   245 | D        | Killed a hellion
   254 | D        | Reached skill level 7 in Unarmed Combat
   354 | D        | Noticed Crazy Yiuf
   364 | D        | Killed Crazy Yiuf
   364 | D        | Reached skill level 8 in Unarmed Combat
   364 | D        | Reached XP level 4. HP: 24/31 MP: 0/4
   426 | D        | Gained mutation: You occasionally shout uncontrollably at
                  | your foes. [potion of mutation]
   426 | D        | Gained mutation: You have an increased reservoir of magic.
                  | (+10% MP) [potion of mutation]
   426 | D        | Gained mutation: Scrolls take you a little longer to read.
                  | [potion of mutation]
   426 | D        | Gained mutation: Your mind is acute. (Int +2) [potion of
                  | mutation]
   427 | D        | Lost mutation: Scrolls take you a little longer to read.
                  | [potion of mutation]
   427 | D        | Lost mutation: Your mind is acute. (Int +2) [potion of
                  | mutation]
   427 | D        | Gained mutation: You are partially covered in molten
                  | scales. (AC +2) [potion of mutation]
   427 | D        | Gained mutation: You are partially covered in iridescent
                  | scales. (AC +2) [potion of mutation]
   427 | D        | Gained mutation: You possess an exceptional clarity of
                  | mind. [potion of mutation]
   441 | D        | Noticed a water elemental
   454 | D        | Slain by a water elemental

Skill      XL: |  1  2  3 |
---------------+----------+-----
Unarmed Combat | 6 8 |  8.7
Fighting       | |  3.0
Dodging        | |  3.0
Stealth        | |  2.6

Action                   |  1- 3 |  4- 6 || total
-------------------------+-------+-------++-------
Melee: Unarmed           |    22 |    12 ||    34
       Tentacles         |     6 |     1 ||     7
       Constrict         |     4 |       ||     4
       Punch             |     1 |     1 ||     2
  Use: Potion            |       |     2 ||     2
Dodge: Dodged            |    10 |     8 ||    18
